 Dungeon Crawl Stone Soup version 0.23.0 (webtiles) character file.

Game seed: 7427082404504516279

221600 PentaManta the Unseen (level 19, -18/130 HPs)
             Began as a Kobold Berserker on Feb 17, 2019.
             Was the Champion of Trog.
             Demolished by an orc warrior
             ... wielding a +0 glaive
              (20 damage)
             ... on level 2 of the Orcish Mines on Feb 18, 2019.
             The game lasted 03:03:29 (31713 turns).

PentaManta the Unseen (Kobold Berserker)           Turns: 31713, Time: 03:03:30

Health: -18/130    AC: 22    Str: 23    XL:     19   Next: 43%
Magic:  19/19      EV: 30    Int:  4    God:    Trog [******]
Gold:   2970       SH:  7    Dex: 17    Spells: 18/18 levels left

rFire    + + .     SeeInvis .   Q - +9 rapier (drain)
rCold    + + .     Gourm    .   P - +0 buckler
rNeg     + . .     Faith    .   x - +4 ring mail "Wuanid" {rF+ rN+ MR+}
rPois    +         Spirit   .   S - +0 helmet
rElec    +         Reflect  .   g - +2 cloak
rCorr    +         Harm     .   t - +2 pair of gloves
MR       ++...                  b - +2 pair of boots
Stlth    ++++++++..             C - amulet of regeneration
HPRegen  0.71/turn              h - ring of resist corrosion
MPRegen  0.16/turn              u - ring "Luqig" {rElec rPois rC+ Str+2 Int-5 Stlth+}

@: resistant, berserk cooldown, slowed, studying Shields, very slow
A: small, agile 1, carnivore, sense surroundings 1, electricity resistance
}: 2/15 runes: decaying, gossamer
a: Berserk, Trog's Hand, Brothers in Arms, Renounce Religion


You were on level 2 of the Orcish Mines.
You worshipped Trog.
Trog was exalted by your worship.
You were very hungry.

You visited 7 branches of the dungeon, and saw 32 of its levels.
You also visited: Ice Cave.

You collected 2970 gold pieces.

Inventory:

Hand Weapons
 z - a +8 antimagic rapier
 Q - a +9 rapier of draining (weapon)
 V - the +12 dagger "Puell" {flame, rC+}
   (You found it on level 1 of the Lair of Beasts)

   It has been specially enchanted to burn those struck by it, causing extra
   injury to most foes and up to half again as much damage against particularly
   susceptible opponents.
   It protects you from cold.
 Y - the +7 short sword "Ydeshrit" {speed, rPois rF+ Int-4}
   (Trog gifted it to you in an ice cave)

   Attacks with this weapon are significantly faster.
   It affects your intelligence (-4).
   It protects you from fire.
   It protects you from poison.
Armour
 b - a +2 pair of boots (worn)
 g - a +2 cloak (worn)
 t - a +2 pair of gloves (worn)
 x - the +4 ring mail "Wuanid" (worn) {rF+ rN+ MR+}
   (You found it on level 4 of the Dungeon)

   It protects you from fire.
   It protects you from negative energy.
   It affects your resistance to hostile enchantments.
 P - a +0 buckler (worn)
 S - a +0 helmet (worn)
Jewellery
 e - an uncursed ring of ice
 h - a ring of resist corrosion (left hand)
 u - the ring "Luqig" (right hand) {rElec rPois rC+ Str+2 Int-5 Stlth+}
   (You found it in an ice cave)

   [ring of protection from cold]

   It affects your strength (+2).
   It affects your intelligence (-5).
   It protects you from cold.
   It insulates you from electricity.
   It protects you from poison.
   It makes you more stealthy.
 C - an amulet of regeneration (around neck)
 E - an uncursed ring of protection from cold
 F - the ring of Xowiu {rN+++ AC+2 Str-5 Int+3 Dex-5}
   (You found it on level 4 of the Swamp)

   [ring of protection]

   It affects your AC (+2).
   It affects your strength (-5).
   It affects your intelligence (+3).
   It affects your dexterity (-5).
   It renders you almost immune to negative energy.
 G - a +6 ring of strength
 L - an uncursed ring of flight
 R - an uncursed ring of fire
 T - an uncursed ring of fire
 Z - a +6 ring of evasion
Wands
 l - a wand of disintegration (12)
 s - a wand of flame (60)
 v - a wand of acid (3)
 w - a wand of iceblast (24)
 A - a wand of paralysis (11)
 I - a wand of random effects (148)
 W - a wand of digging (8)
Scrolls
 f - a scroll of summoning
 m - a scroll of remove curse
 o - 5 scrolls of teleportation
 r - 2 scrolls of enchant armour
 J - 2 scrolls of magic mapping
 K - 8 scrolls of identify
 O - 4 scrolls of fog
 U - a scroll of fear
Potions
 a - 3 potions of cancellation
 d - 3 potions of curing
 i - a potion of mutation
 j - 2 potions of resistance
 k - 4 potions of brilliance
 n - 5 potions of lignification
 q - 4 potions of ambrosia
 M - 5 potions of flight
Books
 p - a manual of Shields
Miscellaneous
 B - a box of beasts
 H - a lightning rod (4/4)
Comestibles
 c - 30 rations


   Skills:
 + Level 18.0 Fighting
 - Level 14.6 Short Blades
 * Level 7.7 Armour
 - Level 20.4 Dodging
 + Level 20.7 Stealth
 - Level 7.4 Shields


You had 18 spell levels left.
You didn't know any spells.
Your spell library contained the following spells:

 Spells                   Type           Power        Failure   Level  Hunger
 Animate Skeleton         Necr           N/A          63%         1    ##.....
 Apportation              Tloc           #.....       63%         1    ##.....
 Beastly Appendage        Tmut           #.....       63%         1    ##.....
 Confusing Touch          Hex            #.....       63%         1    ##.....
 Corona                   Hex            #......      63%         1    ##.....
 Summon Small Mammal      Summ           #...         63%         1    ##.....
 Slow                     Hex            #.......     77%         2    ###....
 Sticks to Snakes         Tmut           #.......     77%         2    ###....
 Sublimation of Blood     Necr           #.........   77%         2    ###....
 Ignite Poison            Fire/Tmut/Pois #.......     94%         3    ####...
 Inner Flame              Hex/Fire       #.......     94%         3    ####...
 Portal Projectile        Hex/Tloc       #.....       94%         3    ####...
 Spider Form              Tmut/Pois      #.........   94%         3    ####...
 Cause Fear               Hex            #.........   100%        4    #####..
 Ice Form                 Ice/Tmut       #.......     100%        4    #####..
 Leda's Liquefaction      Hex/Erth       #.........   100%        4    #####..
 Petrify                  Tmut/Erth      #.......     100%        4    #####..
 Alistair's Intoxication  Tmut/Pois      #.......     100%        5    ######.
 Blade Hands              Tmut           #.........   100%        5    ######.
 Irradiate                Conj/Tmut      #.........   100%        5    ######.


Dungeon Overview and Level Annotations

Branches:
Dungeon (14/15)            Temple (1/1) D:4            Lair (6/6) D:11
  Swamp (4/4) Lair:2       Spider (4/4) Lair:3        Slime (1/5) Lair:6
    Orc (2/2) D:10            Elf (0/3) Orc:2        Vaults (0/5) D:14

Altars:
Ashenzari
Cheibriados
Dithmenos
Elyvilon
Fedhas
Gozag
Hepliaklqana
Kikubaaqudgha
Makhleb
Nemelex Xobeh
Okawaru
Qazlal
Ru
Sif Muna
Trog
Uskayaw
Vehumet
Wu Jian
Xom
Yredelemnul
Zin
The Shining One
Beogh
Jiyva

Annotations:
D:14 vault


Innate Abilities, Weirdness & Mutations

You are small and have problems with some larger weapons.
You are carnivorous and can eat meat at any time.
You are agile. (Dex +2)
You passively map a small area around you.
You are resistant to electric shocks. (rElec)


Message History

The orc priest mumbles some strange prayers to Beogh against you.
Beogh smites you!
* * * LOW HITPOINT WARNING * * *
The orc warrior is engulfed in a cloud of scalding steam.
The orc warrior completely misses you.
An orc wizard comes into view. It is wielding a +0 dagger.
The orc warrior is engulfed in a cloud of scalding steam.
The red devil completely misses you.
The orc wizard shouts!
You feel better.
The orc burns!
The orc dies!
The orc no longer looks unusually strong.
The smoke demon gestures at you. Beogh smites you!
* * * LOW HITPOINT WARNING * * *
The orc knight roars a battlecry!
The orcs go into a battle-frenzy!
The orc warrior is engulfed in a cloud of scalding steam.
The orc warrior hits you from afar with a +0 glaive!!
You die...

, , #..... * .... * , **
###..... * * 8...8 *
###* #....... , ,
.....## , ##.####.......
* , .....#.
*#...##........ .....3.
#...#........#
.....o§#####...........#
,
o....o...8...)..#.....##
....§§o@o.§..(####.....#
.._.o4ooo.....# #......
....oooO)....## #######
.....o.o.8..## * #
....o.o###### * * ,
......o , .....#. , * ,
.....## ,** , 8...8 *


You could see 2 orc knights, an orc high priest, a smoke demon, a red devil, 7
orc warriors, an ogre, an orc priest, 3 orc wizards and 3 orcs.

Vanquished Creatures
  Nikola (Swamp:4)
  Rupert (Lair:5)
  An acid blob (Lair:6)
  Kirke (Lair:4)
  Agnes (Spider:2)
  A thorn hunter (Swamp:4)
  A frost giant (IceCv)
  An orc warlord (Orc:2)
  An azure jelly (Lair:6)
  3 ghost moths (Spider:4)
  6 emperor scorpions (Spider:4)
  6 entropy weavers
  Azrael (Spider:2)
  Josephine (Lair:5)
  2 fire dragons
  Harold (D:8)
  27 hydras
  5 ghost crabs (Swamp:1)
  2 centaur warriors (D:13)
  2 two-headed ogres (D:11)
  10 death yaks
  12 alligators
  Urug (Lair:3)
  13 swamp dragons
  An unseen horror (D:12)
  2 orc knights
  6 spriggan druids
  5 lindwurms
  15 orb spiders
  27 wolf spiders
  3 ugly things
  2 deep elf magi (D:14)
  5 moths of wrath
  4 cyclopes
  3 orc sorcerers (Orc:2)
  Joseph (D:8)
  2 centaur zombies
  5 black mambas
  An ice statue (IceCv)
  4 apocalypse crabs (Swamp:1)
  2 molten gargoyles (Lair:6)
  2 torpor snails
  11 spiny frogs
  Psyche (D:11)
  2 gargoyles (D:13)
  8 rime drakes
  A rime drake (shapeshifter) (D:14)
  A kobold demonologist (D:14)
  15 komodo dragons
  7 demonic crawlers
  19 polar bears
  2 trolls
  22 jumping spiders
  19 tyrant leeches
  18 slime creatures
  26 blink frogs
  7 hornets
  4 hippogriffs
  15 dream sheep
  6 bog bodies
  4 spriggans
  Sigmund (D:6)
  45 yaks
  3 wyverns (Lair:6)
  A vampire (D:10)
  90 redbacks
  31 tarantellas
  5 shadows
  2 fire elementals (Spider:2)
  5 wraiths
  3 hogs (Lair:4)
  4 basilisks
  7 vampire mosquitoes
  2 steam dragons (Lair:6)
  22 swamp worms
  A warg (Orc:1)
  13 insubstantial wisps
  2 acid dragons
  12 water moccasins
  9 hell hounds
  Duvessa (D:5)
  3 porcupines
  8 swamp drakes
  9 orc warriors
  5 ice beasts
  3 sky beasts
  A phantom (D:10)
  An eye of draining (D:13)
  2 black bears (D:10)
  4 boggarts (Lair:6)
  5 ogres
  A necrophage (D:11)
  31 wolves
  14 centaurs
  11 crocodiles
  A big kobold (D:11)
  Blork the orc (D:4)
  17 bullfrogs
  Dowan (D:5)
  A water moccasin skeleton (D:9)
  7 scorpions
  4 killer bees (D:12)
  2 vampire bats (Lair:5)
  8 wights
  5 electric eels
  3 howler monkeys (D:9)
  5 lava snakes (Lair:6)
  6 crimson imps
  2 bullfrog zombies
  2 quasits
  6 jellies
  A centaur skeleton (D:5)
  7 orc priests
  4 hounds
  Crazy Yiuf (D:7)
  18 orc wizards
  3 iguanas
  4 worker ants
  2 worker ant zombies
  A howler monkey skeleton (D:5)
  7 gnolls (D:5)
  8 adders
  3 shadow imps
  2 oozes (Lair:6)
  3 adder skeletons
  An adder zombie (D:6)
  2 leopard geckos
  77 orcs
  7 giant cockroaches
  5 goblins
  9 hobgoblins
  2 jackals (D:6)
  2 quokkas
  3 ball pythons
  10 bats
  A frilled lizard (D:1)
  12 kobolds
  8 rats
1010 creatures vanquished.

Vanquished Creatures (collateral kills)
  A ghost moth (Spider:4)
  An emperor scorpion (Spider:4)
  An orb spider (Spider:4)
  3 wolf spiders (Spider:4)
  3 jumping spiders (Spider:4)
  A redback (Spider:4)
  4 vampire mosquitoes (Swamp:3)
14 creatures vanquished.

Vanquished Creatures (others)
  Louise (Swamp:1)
  A spriggan druid (Swamp:1)
  A moth of wrath (Spider:4)
  A demonic crawler (Spider:4)
  A tyrant leech (Swamp:4)
  2 redbacks (Spider:4)
  A yak (IceCv)
  A vampire mosquito (Swamp:4)
  A swamp worm (Swamp:3)
  A wolf (IceCv)
  An orc wizard (Orc:2)
  A shadow imp (D:13)
  An orc (Orc:2)
  A fungus (Lair:6)
  5 plants
20 creatures vanquished.

Grand Total: 1044 creatures vanquished

Notes
Turn   | Place    | Note
-------+----------+-------------------------------------------
     0 | D:1      | PentaManta the Kobold Berserker began the quest for the
                  | Orb.
     0 | D:1      | Reached XP level 1. HP: 14/14 MP: 1/1
    65 | D:1      | Reached XP level 2. HP: 11/19 MP: 2/2
  1033 | D:2      | Reached XP level 3. HP: 23/23 MP: 3/3
  1824 | D:3      | Reached ** piety under Trog
  1824 | D:3      | Reached XP level 4. HP: 20/29 MP: 4/4
  2102 | D:3      | Reached XP level 5. HP: 31/33 MP: 5/5
  2127 | D:3      | Reached skill level 5 in Short Blades
  2394 | D:4      | Noticed Blork the orc
  2406 | D:4      | Killed Blork the orc
  2406 | D:4      | Reached skill level 5 in Dodging
  2491 | D:4      | Reached XP level 6. HP: 34/39 MP: 6/6
  2715 | D:4      | Noticed an ogre
  2721 | D:4      | Killed an ogre
  2729 | D:4      | Got an ichor-stained ring mail
  2885 | D:4      | Found a staircase to the Ecumenical Temple.
  2925 | D:4      | Got a crude mace
  2949 | Temple   | Entered the Ecumenical Temple
  3201 | D:5      | Entered Level 5 of the Dungeon
  3286 | D:5      | Noticed an ogre
  3298 | D:4      | HP: 1/40 [poisoned by a scorpion]
  3847 | D:5      | Reached XP level 7. HP: 38/44 MP: 7/7
  3858 | D:5      | Reached skill level 5 in Fighting
  4041 | D:5      | Reached XP level 8. HP: 50/50 MP: 8/8
  4144 | D:5      | Identified the cursed +1 mace "Rustre" {crush, rF- rC+++
                  | rN+ Int+3} (You found it on level 4 of the Dungeon)
  4165 | D:5      | Identified the +4 ring mail "Wuanid" {rF+ rN+ MR+} (You
                  | found it on level 4 of the Dungeon)
  4384 | D:5      | Noticed Duvessa
  4384 | D:5      | Noticed Dowan
  4393 | D:5      | Killed Duvessa
  4406 | D:5      | Killed Dowan
  4532 | D:5      | Found a shimmering altar of Xom.
  4608 | D:5      | Reached *** piety under Trog
  5015 | D:6      | Reached XP level 9. HP: 56/56 MP: 9/9
  5029 | D:6      | Noticed Sigmund
  5042 | D:6      | Killed Sigmund
  5554 | D:7      | Reached skill level 10 in Dodging
  5772 | D:7      | Reached **** piety under Trog
  5982 | D:7      | Found a runed translucent door.
  5983 | D:7      | Noticed Crazy Yiuf
  5989 | D:7      | Killed Crazy Yiuf
  6068 | D:8      | Found a stormy altar of Qazlal.
  6376 | D:8      | Noticed a hippogriff
  6385 | D:8      | Killed a hippogriff
  6556 | D:8      | Noticed Joseph
  6579 | D:8      | Killed Joseph
  6579 | D:8      | Reached XP level 10. HP: 64/64 MP: 10/10
  6622 | D:8      | Noticed Harold
  6645 | D:8      | Killed Harold
  6645 | D:8      | Reached skill level 10 in Short Blades
  6814 | D:8      | Reached skill level 5 in Stealth
  7405 | D:9      | Found a blossoming altar of Fedhas.
  7892 | D:10     | Entered Level 10 of the Dungeon
  7964 | D:10     | Reached ***** piety under Trog
  7996 | D:10     | Found a staircase to the Orcish Mines.
  8253 | D:10     | Reached XP level 11. HP: 69/71 MP: 11/11
  8643 | D:10     | Found a bloodstained altar of Trog.
  8717 | D:11     | Found a staircase to the Lair.
  8841 | D:11     | Noticed a green ugly thing
  8848 | D:11     | Killed a green ugly thing
  8911 | D:11     | Reached skill level 10 in Fighting
  8925 | D:11     | Noticed Psyche
  8935 | D:11     | Killed Psyche
  9019 | D:11     | Noticed a four-headed hydra
  9080 | D:11     | Noticed a two-headed ogre
  9083 | D:11     | Killed a two-headed ogre
  9164 | D:11     | Killed a four-headed hydra
  9277 | D:11     | Noticed a seven-headed hydra
  9284 | D:11     | Killed a seven-headed hydra
  9382 | D:11     | Noticed a green ugly thing
  9382 | D:11     | Noticed a two-headed ogre
  9396 | D:11     | Killed a green ugly thing
  9396 | D:11     | Reached skill level 10 in Stealth
  9405 | D:11     | Killed a two-headed ogre
  9615 | D:12     | Noticed a five-headed hydra
  9632 | D:12     | Killed a five-headed hydra
  9632 | D:12     | Reached XP level 12. HP: 77/80 MP: 12/12
  9885 | D:12     | Received a gift from Trog
 10115 | D:12     | Noticed a five-headed hydra
 10128 | D:12     | Killed a five-headed hydra
 10133 | D:12     | Killed an unseen horror
 10498 | D:13     | Found a sacrificial altar of Ru.
 10711 | D:13     | Noticed a centaur warrior
 10746 | D:13     | Killed a centaur warrior
 10970 | D:13     | Noticed a centaur warrior
 10982 | D:13     | Killed a centaur warrior
 11355 | D:14     | Reached XP level 13. HP: 87/87 MP: 13/13
 11586 | D:14     | Noticed a rakshasa
 11586 | D:14     | Noticed a vault guard
 11586 | D:14     | Noticed a vault guard
 11587 | D:14     | Found a gate to the Vaults.
 11587 | D:14     | Noticed a catoblepas
 11587 | D:14     | Noticed a vault guard
 11587 | D:14     | Noticed a vault guard
 11799 | Lair:1   | Entered Level 1 of the Lair of Beasts
 11834 | Lair:1   | Received a gift from Trog
 12079 | Lair:1   | Noticed a six-headed hydra
 12095 | Lair:1   | Killed a six-headed hydra
 12588 | Lair:1   | Got a faintly glowing dagger
 12589 | Lair:1   | Identified the +12 dagger "Puell" {flame, rC+} (You found
                  | it on level 1 of the Lair of Beasts)
 12623 | Lair:1   | Got a translucent leather armour
 12987 | Lair:2   | Identified the +1 leather armour "Omood" {Str+4 Int+4} (You
                  | found it on level 1 of the Lair of Beasts)
 12989 | Lair:2   | Gained mutation: Scrolls take you a little longer to read.
                  | [potion of mutation]
 12989 | Lair:2   | Gained mutation: Your muscles are strong. (Str +2) [potion
                  | of mutation]
 13340 | Lair:2   | Noticed a seven-headed hydra
 13355 | Lair:2   | Noticed a five-headed hydra
 13361 | Lair:2   | Killed a seven-headed hydra
 13367 | Lair:2   | Killed a five-headed hydra
 13388 | Lair:2   | Found a staircase to the Swamp.
 13630 | Lair:2   | You fall through a shaft!
 13794 | Lair:3   | Found a frozen archway.
 13812 | IceCv    | Entered an ice cave
 14139 | IceCv    | Received a gift from Trog
 14144 | IceCv    | Reached XP level 14. HP: 94/94 MP: 14/14
 14152 | IceCv    | Got a polished short sword {god gift}
 14153 | IceCv    | Identified the +7 short sword "Ydeshrit" {speed, rPois rF+
                  | Int-4} (Trog gifted it to you in an ice cave)
 14628 | IceCv    | Noticed a frost giant
 14651 | IceCv    | Killed a frost giant
 14651 | IceCv    | Reached skill level 15 in Stealth
 14797 | IceCv    | Got a crude jade ring
 14807 | IceCv    | Identified the ring "Luqig" {rElec rPois rC+ Str+2 Int-5
                  | Stlth+} (You found it in an ice cave)
 14907 | Lair:3   | Noticed Urug
 14914 | Lair:3   | Killed Urug
 15063 | Lair:3   | Reached ****** piety under Trog
 15188 | Lair:3   | Found a hole to the Spider Nest.
 15332 | Lair:3   | Reached skill level 15 in Dodging
 15334 | Lair:3   | Received a gift from Trog
 16271 | Lair:4   | Found an opulent altar of Gozag.
 16917 | Lair:4   | Noticed Kirke
 17022 | Lair:4   | Killed Kirke
 17022 | Lair:4   | Reached XP level 15. HP: 101/101 MP: 5/15
 17423 | Lair:5   | Noticed Josephine
 17439 | Lair:5   | Killed Josephine
 17815 | Lair:5   | Received a gift from Trog
 17922 | Lair:5   | Noticed Rupert
 17929 | Lair:5   | Killed Rupert
 18197 | Lair:6   | Entered Level 6 of the Lair of Beasts
 18386 | Lair:6   | Reached skill level 15 in Fighting
 18710 | Lair:6   | Found a runed translucent door.
 18710 | Lair:6   | Found a viscous altar of Jiyva.
 18921 | Lair:6   | Found a staircase to the Slime Pits.
 19225 | Lair:6   | Found a large runed translucent door.
 19247 | Lair:6   | Received a gift from Trog
 19419 | Lair:6   | Found a large runed translucent door.
 20035 | Slime:1  | Entered Level 1 of the Pits of Slime
 20035 | Slime:1  | Noticed an azure jelly
 20035 | Slime:1  | Noticed an acid blob
 20035 | Slime:1  | Noticed an acid blob
 20037 | Slime:1  | Noticed an acid blob
 20052 | Lair:6   | Killed an acid blob
 20070 | Lair:6   | Killed an azure jelly
 20070 | Lair:6   | Reached XP level 16. HP: 108/108 MP: 16/16
 20446 | Swamp:1  | Entered Level 1 of the Swamp
 20690 | Swamp:1  | Noticed Louise
 20691 | Swamp:1  | Found a runed translucent door.
 20721 | Swamp:1  | Killed Louise
 20925 | Swamp:1  | Received a gift from Trog
 21010 | Swamp:1  | Lost mutation: Scrolls take you a little longer to read.
                  | [potion of mutation]
 21010 | Swamp:1  | Lost mutation: Your muscles are strong. (Str +2) [potion of
                  | mutation]
 21010 | Swamp:1  | Gained mutation: You are frail. (-10% HP) [potion of
                  | mutation]
 21010 | Swamp:1  | Gained mutation: You are very frail. (-20% HP) [potion of
                  | mutation]
 21010 | Swamp:1  | Gained mutation: You have sharp fingernails. [potion of
                  | mutation]
 21448 | Swamp:1  | Paralysed by you for 3 turns
 21729 | Swamp:2  | Lost mutation: You are very frail. (-20% HP) [potion of
                  | mutation]
 21729 | Swamp:2  | Lost mutation: You are frail. (-10% HP) [potion of
                  | mutation]
 21729 | Swamp:2  | Lost mutation: You have sharp fingernails. [potion of
                  | mutation]
 21729 | Swamp:2  | Gained mutation: You passively map a small area around you.
                  | [potion of mutation]
 21729 | Swamp:2  | Gained mutation: You are agile. (Dex +2) [potion of
                  | mutation]
 21729 | Swamp:2  | Gained mutation: You are resistant to electric shocks.
                  | (rElec) [potion of mutation]
 22991 | Swamp:3  | Reached XP level 17. HP: 82/115 MP: 17/17
 23387 | Swamp:3  | Received a gift from Trog
 23561 | Swamp:4  | Entered Level 4 of the Swamp
 23970 | Swamp:4  | Got a translucent granite ring
 23992 | Swamp:4  | Noticed Nikola
 24011 | Swamp:4  | Killed Nikola
 24180 | Swamp:4  | Noticed a thorn hunter
 24512 | Swamp:4  | Killed a thorn hunter
 24827 | Swamp:4  | Got a decaying rune of Zot
 24840 | Swamp:4  | Identified the ring of Xowiu {rN+++ AC+2 Str-5 Int+3 Dex-5}
                  | (You found it on level 4 of the Swamp)
 25183 | Spider:1 | Entered Level 1 of the Spider Nest
 25200 | Spider:1 | Received a gift from Trog
 25710 | Spider:1 | Reached skill level 1 in Shields
 26149 | Spider:2 | Reached XP level 18. HP: 123/123 MP: 18/18
 26360 | Spider:2 | Noticed Agnes
 26364 | Spider:2 | Killed Agnes
 26560 | Spider:2 | Received a gift from Trog
 27002 | Spider:2 | Noticed Azrael
 27020 | Spider:2 | Killed Azrael
 28259 | Spider:3 | Reached skill level 5 in Armour
 28265 | Spider:3 | Reached skill level 5 in Shields
 29022 | Spider:4 | Entered Level 4 of the Spider Nest
 29107 | Spider:4 | Received a gift from Trog
 29222 | Spider:4 | HP: 5/124 [jumping spider (6)]
 29827 | Spider:4 | Reached XP level 19. HP: 129/129 MP: 10/19
 30241 | Spider:4 | Received a gift from Trog
 30438 | Spider:4 | Received a gift from Trog
 30792 | Spider:4 | Got a gossamer rune of Zot
 31139 | Orc:1    | Entered Level 1 of the Orcish Mines
 31572 | Orc:2    | Entered Level 2 of the Orcish Mines
 31620 | Orc:2    | Found a staircase to the Elven Halls.
 31666 | Orc:2    | Found a roughly hewn altar of Beogh.
 31712 | Orc:2    | HP: 1/130 [orc priest/divine providence (15)]
 31713 | Orc:2    | Demolished by an orc warrior

Skill      XL: |  1  2  3  4  5  6  7  8  9 10 11 12 13 14 15 16 17 18 19 |
---------------+----------------------------------------------------------+-----
Dodging        | 3 4 5 6 7 9 11 13 15 17 19 20 | 20.4
Fighting       | 4 5 6 8 9 11 12 13 14 15 16 17 18 | 18.0
Short Blades   | 5 6 7 9 11 13 14 | 14.6
Stealth        | 2 7 10 12 14 15 17 18 19 20 | 20.7
Shields        | 2 6 7 |  7.4
Armour         | 2 6 7 |  7.7

Action                   |  1- 3 |  4- 6 |  7- 9 | 10-12 | 13-15 | 16-18 | 19-21 || total
-------------------------+-------+-------+-------+-------+-------+-------+-------++-------
Melee: Short sword       |    32 |       |   317 |   625 |   135 |       |       ||  1109
       Dagger            |   116 |    95 |    89 |     1 |   884 |   281 |       ||  1466
       Rapier            |       |       |       |       |   150 |  1415 |   320 ||  1885
Throw: Tomahawk          |       |     7 |       |       |       |       |       ||     7
Invok: Berserk           |     2 |     7 |    18 |    23 |    35 |    24 |     4 ||   113
       Trog's Hand       |       |       |       |     1 |     1 |     4 |     4 ||    10
       Brothers in Arms  |       |       |       |       |       |       |     2 ||     2
 Abil: Evoke Flight      |       |       |     1 |       |       |     3 |       ||     4
       Stop Flying       |       |       |       |       |       |     1 |       ||     1
Evoke: Wand              |       |       |       |     2 |       |    12 |    13 ||    27
  Use: Scroll            |     8 |     6 |     9 |     3 |     6 |    16 |     4 ||    52
       Potion            |       |     1 |       |       |     2 |    20 |     4 ||    27
 Stab: Sleeping          |     1 |     3 |       |    13 |    41 |    64 |       ||   122
       Distracted        |       |       |       |     1 |     1 |     8 |       ||    10
       Paralysed         |       |       |       |     1 |       |     1 |     3 ||     5
       Confused          |       |       |       |       |       |     1 |       ||     1
       Invisible         |       |       |       |       |       |     2 |       ||     2
  Eat: Chunk             |    12 |     9 |    29 |    30 |    43 |    41 |     4 ||   168
       Ration            |       |       |       |     4 |     7 |     7 |     4 ||    22
Armor: Animal skin       |    40 |    12 |     2 |       |       |       |       ||    54
       Ring mail         |       |       |    61 |    91 |   140 |   340 |    64 ||   696
       Leather armour    |       |       |       |       |     9 |       |       ||     9
Dodge: Dodged            |   107 |    76 |   199 |   367 |  1071 |  2386 |   465 ||  4671
Block: Buckler           |       |       |       |       |       |    49 |   139 ||   188
